TOP OF THE 1ST |
St. Louis Browns batting - Pitching for New York Knights : RHP Thatcher Smith
|
Pitching: RHP Thatcher Smith
|
|
Batting: SHB Ryobe Yamamoto
|
0-0: Ball 1-0: Ground out 5-3 (Groundball, 56)
|
Batting: LHB Mike Hill
|
0-0: Ball 1-0: Foul Ball, location: 2F 1-1: Foul Ball, location: 2F 1-2: Ball 2-2: SINGLE (Groundball, 6S) (infield hit)
|
Batting: LHB Jorge Torres
|
0-0: Ball 1-0: Fly out, F7 (Flyball, 7)
|
Batting: RHB Adrian Prouse
|
0-0: Ball 1-0: Called Strike 1-1: Ball 2-1: Swinging Strike 2-2: Strikes out swinging
|
Top of the 1st over - 0 run(s), 1 hit(s), 0 error(s), 1 left on base; St. Louis 0 - New York 0 |
BOTTOM OF THE 1ST |
New York Knights batting - Pitching for St. Louis Browns : RHP Aaron Palmer
|
Pitching: RHP Aaron Palmer
|
|
Batting: LHB Dan Hamilton
|
0-0: Ball 1-0: Ball 2-0: SOLO HOME RUN (Flyball, 9D), Distance : 403 ft
|
Batting: RHB Pepe Carrasco
|
0-0: Ball 1-0: Ball 2-0: Ball 3-0: Base on Balls
|
Batting: LHB Warren Potter
|
0-0: Ball Pepe Carrasco is caught stealing 2nd base 1-0: Foul Ball, location: 2F 1-1: Foul Ball, location: 2F 1-2: Foul Ball, location: 2F 1-2: Ball 2-2: Ball 3-2: Strikes out swinging
|
Batting: SHB Marvin Harris
|
0-0: SINGLE (Groundball, 4MD)
|
Batting: RHB Lonnie Anderson
|
0-0: Swinging Strike 0-1: Ball 1-1: Single, Error in OF, E9, batter to second base Marvin Harris to third
|
Batting: LHB Tom Blake
|
0-0: Foul Ball, location: 2F 0-1: Ball 1-1: Fly out, F8 (Flyball, 8RD)
|
Bottom of the 1st over - 1 run(s), 3 hit(s), 1 error(s), 2 left on base; St. Louis 0 - New York 1 |
TOP OF THE 2ND |
St. Louis Browns batting - Pitching for New York Knights : RHP Thatcher Smith
|
Batting: LHB Stan Hickman
|
0-0: Ball 1-0: Called Strike 1-1: Ball 2-1: Ground out 6-3 (Groundball, 6)
|
Batting: RHB Anthony Rucker
|
0-0: Foul Ball, location: 2F 0-1: SINGLE (Line Drive, 3D)
|
Batting: RHB José Flores
|
0-0: Called Strike 0-1: Fielders Choice at 2nd, 1-6 (Groundball, P)
|
Batting: LHB Tommy Evans
|
0-0: Ball 1-0: Called Strike 1-1: Called Strike 1-2: Ball José Flores steals 2nd base 2-2: Ground out U3 (Groundball, 3)
|
Top of the 2nd over - 0 run(s), 1 hit(s), 0 error(s), 1 left on base; St. Louis 0 - New York 1 |
BOTTOM OF THE 2ND |
New York Knights batting - Pitching for St. Louis Browns : RHP Aaron Palmer
|
Batting: LHB Marcos Pérez
|
0-0: Called Strike 0-1: DOUBLE (Line Drive, 78D)
|
Batting: RHB Yasuhiko Sumita
|
0-0: Ball 1-0: Called Strike 1-1: Fly out, F8 (Flyball, 8LD) Runner from 2nd tags up, SAFE at 3rd, no throw
|
Batting: RHB Héctor Vázquez
|
0-0: Ball 1-0: SINGLE (Flyball, 89S) Marcos Pérez scores
|
Batting: LHB Dan Hamilton
|
0-0: Called Strike 0-1: Called Strike 0-2: Ball Héctor Vázquez is caught stealing 2nd base 1-2: Ball 2-2: Ball 3-2: SINGLE (Line Drive, 4D)
|
Batting: RHB Pepe Carrasco
|
0-0: Swinging Strike Dan Hamilton steals 2nd base 0-1: 2-RUN HOME RUN (Line Drive, 7D), Distance : 365 ft
|
Batting: LHB Warren Potter
|
0-0: Foul Ball, location: 2F 0-1: Fly out, F7 (Flyball, 7)
|
Bottom of the 2nd over - 3 run(s), 4 hit(s), 0 error(s), 0 left on base; St. Louis 0 - New York 4 |
TOP OF THE 3RD |
St. Louis Browns batting - Pitching for New York Knights : RHP Thatcher Smith
|
Batting: LHB Pepe Vázquez
|
0-0: Ball 1-0: Ball 2-0: Called Strike 2-1: SINGLE (Line Drive, 4D)
|
Batting: SHB Ryobe Yamamoto
|
0-0: Ball 1-0: Foul Ball, location: 2F 1-1: Ball 2-1: Ball 3-1: Grounds into double play, 4-6-3 (Groundball, 34D)
|
Batting: LHB Mike Hill
|
0-0: Ball 1-0: Ball 2-0: Foul Ball, location: 2F 2-1: Foul Ball, location: 2F 2-2: TRIPLE (Line Drive, 89M)
|
Batting: LHB Jorge Torres
|
0-0: Fly out, F8 (Flyball, 78D)
|
Top of the 3rd over - 0 run(s), 2 hit(s), 0 error(s), 1 left on base; St. Louis 0 - New York 4 |
BOTTOM OF THE 3RD |
New York Knights batting - Pitching for St. Louis Browns : RHP Aaron Palmer
|
Batting: SHB Marvin Harris
|
0-0: Called Strike 0-1: Foul Ball, location: 2F 0-2: Foul Ball, location: 2F 0-2: Ball 1-2: Ball 2-2: Fly out, F5 (Line Drive, 5S)
|
Batting: RHB Lonnie Anderson
|
0-0: Ball 1-0: Called Strike 1-1: Ground out 6-3 (Groundball, 6S)
|
Batting: LHB Tom Blake
|
0-0: Called Strike 0-1: Foul Ball, location: 2F 0-2: Foul Ball, location: 2F 0-2: Ball 1-2: Foul Ball, location: 2F 1-2: Ball 2-2: Ball 3-2: Fly out, F8 (Flyball, 8LM)
|
Bottom of the 3rd over - 0 run(s), 0 hit(s), 0 error(s), 0 left on base; St. Louis 0 - New York 4 |
TOP OF THE 4TH |
St. Louis Browns batting - Pitching for New York Knights : RHP Thatcher Smith
|
Batting: RHB Adrian Prouse
|
0-0: Ball 1-0: Ground out 4-3 (Groundball, 4)
|
Batting: LHB Stan Hickman
|
0-0: Foul Ball, location: 2F 0-1: Foul Ball, location: 2F 0-2: Strikes out swinging
|
Batting: RHB Anthony Rucker
|
0-0: Ball 1-0: Foul Ball, location: 2F 1-1: Ball 2-1: SINGLE (Groundball, 6S) (infield hit)
|
Batting: RHB José Flores
|
0-0: Called Strike Anthony Rucker steals 2nd base 0-1: Ball 1-1: SINGLE (Line Drive, 78S) Anthony Rucker to third Runner from 3rd tries for Home, SAFE, no throw
|
Batting: LHB Tommy Evans
|
0-0: Ball José Flores steals 2nd base 1-0: Ball 2-0: Ball 3-0: Base on Balls
|
Batting: LHB Pepe Vázquez
|
0-0: Ball 1-0: Called Strike 1-1: Called Strike 1-2: 3-RUN HOME RUN (Flyball, 89XD), Distance : 409 ft
|
Batting: SHB Ryobe Yamamoto
|
0-0: Ground out U3 (Groundball, 3)
|
Top of the 4th over - 4 run(s), 3 hit(s), 0 error(s), 0 left on base; St. Louis 4 - New York 4 |
BOTTOM OF THE 4TH |
New York Knights batting - Pitching for St. Louis Browns : RHP Aaron Palmer
|
Batting: LHB Marcos Pérez
|
0-0: Fly out, F8 (Flyball, 8RM)
|
Batting: RHB Yasuhiko Sumita
|
0-0: Ground out 1-3 (Groundball, 13)
|
Batting: RHB Héctor Vázquez
|
0-0: Swinging Strike 0-1: Ball 1-1: Ball 2-1: SINGLE (Groundball, P) (infield hit)
|
Batting: LHB Dan Hamilton
|
0-0: Ball 1-0: Fielders Choice at 2nd, 4-6 (Groundball, 4)
|
Bottom of the 4th over - 0 run(s), 1 hit(s), 0 error(s), 0 left on base; St. Louis 4 - New York 4 |
TOP OF THE 5TH |
St. Louis Browns batting - Pitching for New York Knights : RHP Thatcher Smith
|
Batting: LHB Mike Hill
|
0-0: Called Strike 0-1: Foul Ball, location: 2F 0-2: Ball 1-2: Ball 2-2: Ground out 4-3 (Groundball, 4)
|
Batting: LHB Jorge Torres
|
0-0: Ball 1-0: Ball 2-0: Fly out, F9 (Flyball, 9D)
|
Batting: RHB Adrian Prouse
|
0-0: Ball 1-0: Fly out, F8 (Line Drive, 8LD)
|
Top of the 5th over - 0 run(s), 0 hit(s), 0 error(s), 0 left on base; St. Louis 4 - New York 4 |
BOTTOM OF THE 5TH |
New York Knights batting - Pitching for St. Louis Browns : RHP Aaron Palmer
|
Batting: RHB Pepe Carrasco
|
0-0: Ball 1-0: Called Strike 1-1: Foul Ball, location: 2F 1-2: Strikes out looking
|
Batting: LHB Warren Potter
|
0-0: Ball 1-0: Called Strike 1-1: Ball 2-1: Fly out, F7 (Flyball, 7S)
|
Batting: SHB Marvin Harris
|
0-0: Ball 1-0: Called Strike 1-1: Ball 2-1: Swinging Strike 2-2: Strikes out swinging
|
Bottom of the 5th over - 0 run(s), 0 hit(s), 0 error(s), 0 left on base; St. Louis 4 - New York 4 |
TOP OF THE 6TH |
St. Louis Browns batting - Pitching for New York Knights : RHP Thatcher Smith
|
Batting: LHB Stan Hickman
|
0-0: Called Strike 0-1: Ground out 4-3 (Groundball, 4)
|
Batting: RHB Anthony Rucker
|
0-0: Ball 1-0: Foul Ball, location: 2F 1-1: Ball 2-1: Ground out 5-3 (Groundball, 5S)
|
Batting: RHB José Flores
|
0-0: Ball 1-0: Ball 2-0: Called Strike 2-1: Foul Ball, location: 2F 2-2: Ball 3-2: Fly out, F9 (Flyball, 89S)
|
Top of the 6th over - 0 run(s), 0 hit(s), 0 error(s), 0 left on base; St. Louis 4 - New York 4 |
BOTTOM OF THE 6TH |
New York Knights batting - Pitching for St. Louis Browns : RHP Aaron Palmer
|
Batting: RHB Lonnie Anderson
|
0-0: Called Strike 0-1: Ball 1-1: Ball 2-1: Foul Ball, location: 2F 2-2: Strikes out looking
|
Batting: LHB Tom Blake
|
0-0: Ball 1-0: Foul Ball, location: 2F 1-1: Ball 2-1: Fly out, F7 (Flyball, 7LM)
|
Batting: LHB Marcos Pérez
|
0-0: Called Strike 0-1: Ball 1-1: Foul Ball, location: 2F 1-2: Ball 2-2: Strikes out swinging
|
Bottom of the 6th over - 0 run(s), 0 hit(s), 0 error(s), 0 left on base; St. Louis 4 - New York 4 |
TOP OF THE 7TH |
St. Louis Browns batting - Pitching for New York Knights : RHP Thatcher Smith
|
Batting: LHB Tommy Evans
|
0-0: Called Strike 0-1: Ball 1-1: Ground out 4-3 (Groundball, 4MD)
|
Batting: LHB Pepe Vázquez
|
0-0: Called Strike 0-1: Called Strike 0-2: SINGLE (Line Drive, 89S)
|
Pitching: RHP Juan Velázquez
|
|
Pinch Hitting: LHB Junior Coates
|
0-0: SINGLE (Groundball, 56S) (infield hit) Pepe Vázquez to second
|
Batting: LHB Mike Hill
|
0-0: Ball 1-0: Called Strike 1-1: Fly out, F5 (Popup, 15)
|
Batting: LHB Jorge Torres
|
0-0: Ball 1-0: Ball 2-0: Ball 3-0: Called Strike 3-1: Foul Ball, location: 2F 3-2: Ground out U3 (Groundball, 3)
|
Top of the 7th over - 0 run(s), 2 hit(s), 0 error(s), 2 left on base; St. Louis 4 - New York 4 |
BOTTOM OF THE 7TH |
New York Knights batting - Pitching for St. Louis Browns : RHP Aaron Palmer
|
Now at 1B: Joe Sanders
|
|
Batting: RHB Yasuhiko Sumita
|
0-0: Foul Ball, location: 2F 0-1: Swinging Strike 0-2: Strikes out looking
|
Batting: RHB Héctor Vázquez
|
0-0: Foul Ball, location: 2F 0-1: Ball 1-1: Ball 2-1: Foul Ball, location: 2F 2-2: Ball 3-2: Ground out 4-3 (Groundball, 4)
|
Batting: LHB Dan Hamilton
|
0-0: SINGLE (Groundball, 4MD)
|
Batting: RHB Pepe Carrasco
|
0-0: Ball 1-0: Ball 2-0: Called Strike 2-1: Called Strike 2-2: Ball 3-2: Strikes out looking
|
Bottom of the 7th over - 0 run(s), 1 hit(s), 0 error(s), 1 left on base; St. Louis 4 - New York 4 |
TOP OF THE 8TH |
St. Louis Browns batting - Pitching for New York Knights : RHP Juan Velázquez
|
Batting: RHB Adrian Prouse
|
0-0: Ball 1-0: Called Strike 1-1: Ball 2-1: Fly out, F5 (Popup, 5L)
|
Batting: LHB Stan Hickman
|
0-0: Ball 1-0: Ball 2-0: Foul Ball, location: 2F 2-1: Foul Ball, location: 2F 2-2: Ground out 6-3 (Groundball, 6)
|
Batting: RHB Anthony Rucker
|
0-0: Swinging Strike 0-1: Foul Ball, location: 2F 0-2: Foul Ball, location: 2F 0-2: Strikes out swinging
|
Top of the 8th over - 0 run(s), 0 hit(s), 0 error(s), 0 left on base; St. Louis 4 - New York 4 |
BOTTOM OF THE 8TH |
New York Knights batting - Pitching for St. Louis Browns : RHP Aaron Palmer
|
Pitching: RHP Beau Brown
|
|
Batting: LHB Warren Potter
|
0-0: Ball 1-0: Called Strike 1-1: Ball 2-1: DOUBLE (Line Drive, 7D)
|
Batting: SHB Marvin Harris
|
0-0: Intentional Walk
|
Batting: RHB Lonnie Anderson
|
0-0: Called Strike Warren Potter steals 3rd base Marvin Harris to second 0-1: Ball 1-1: Fly out, F8 (Flyball, 8LM) Runner from 3rd tags up, SCORES, no throw
|
Batting: LHB Tom Blake
|
0-0: Intentional Walk
|
Pitching: LHP Santiago Valentín
|
|
Pinch Hitting: RHB Steve Sampson
|
0-0: Ball 1-0: Called Strike 1-1: Foul Ball, location: 2F 1-2: Foul Ball, location: 2F 1-2: Foul Ball, location: 2F 1-2: Ball 2-2: Ground out 4-3 (Groundball, 4S) Marvin Harris to third Tom Blake to second
|
Pitching: LHP Brent Miller
|
|
Batting: RHB Yasuhiko Sumita
|
0-0: Called Strike 0-1: Ground out 5-3 (Groundball, 5L)
|
Bottom of the 8th over - 1 run(s), 1 hit(s), 0 error(s), 2 left on base; St. Louis 4 - New York 5 |
TOP OF THE 9TH |
St. Louis Browns batting - Pitching for New York Knights : RHP Juan Velázquez
|
Pitching: LHP Juan Ortíz
|
|
Now in CF: Nicholas Alston
|
|
Batting: RHB José Flores
|
0-0: Ball 1-0: Called Strike 1-1: Swinging Strike 1-2: Ground out 1-3 (Groundball, 15)
|
Batting: LHB Tommy Evans
|
0-0: Ground out 6-3 (Groundball, 6D)
|
Batting: LHB Pepe Vázquez
|
0-0: Swinging Strike 0-1: Ball 1-1: Called Strike 1-2: Strikes out swinging
|
Top of the 9th over - 0 run(s), 0 hit(s), 0 error(s), 0 left on base; St. Louis 4 - New York 5 |
|